Map: Поля смерти CE

Players

Sergio

  • Race: Protoss Protoss

Fabricio

  • Race: Terran Terran

Nitrate - Winner!

  • Race: Protoss Protoss
  • League: Gold

Вагнер - Winner!

  • Race: Zerg Zerg

VOD

Have the link to the VOD?

Description

Time

  • Played on: Feb. 22, 2026, 1:07 p.m.
  • Length: 13:04
Show
View Real Time Build Order
Export as new Build Order

Sergio Protoss 

Build Orders: Phoenix Opening 

Get SALT Encoding   

  1  0:00  Probe  
  12  0:06  Probe  
  14  0:16  Probe  
  15  0:24  Pylon  
  15  0:31  Assimilator  
  15  0:43  Gateway  
  15  0:51  Forge  
  15  0:58  Assimilator  
  15  1:00  Probe  
  16  1:12  Probe  
  17  1:24  Probe  
  18  1:31  Photon Cannon  
  18  1:38  Cybernetics Core  
  18  1:41  Probe  
  19  1:49  Probe  
  20  1:58  Probe  
  21  2:17  Stargate  
  21  2:18  Stargate  
  21  2:20  Probe  
  22  2:32  Pylon  
  22  2:43  Pylon  
  22  2:56  Void Ray  
  30  3:15  Void Ray  
  30  3:20  Probe  
  30  3:22  Assimilator  
  31  3:33  Void Ray  
  35  3:48  Probe  
  35  3:54  Phoenix  
  38  4:05  Pylon  
  42  4:29  Void Ray  
  46  4:49  Void Ray  
  46  4:55  Photon Cannon  
  46  5:29  Nexus  
  46  5:33  Assimilator  
  46  5:35  Photon Cannon  
  46  5:36  Probe  
  47  6:07  Probe  
  42  6:19  Probe  
  42  6:23  Phoenix  
  42  6:24  Phoenix  
  43  6:30  Probe  
  44  6:38  Probe  
  44  6:46  Probe  
  45  6:53  Fleet Beacon  
  46  6:58  Probe  
  46  7:01  Stargate  
  47  7:03  Stargate  
  47  7:05  Pylon  
  47  7:08  Protoss Air Weapons Level 1  
  47  7:10  Probe  
  47  7:11  Shield Battery  
  48  7:33  Probe  
  48  7:34  Probe  
  50  7:46  Probe x2  
  52  7:52  Carrier  
  52  7:58  Probe x2  
  60  8:10  Probe x2  
  60  8:11  Photon Cannon  
  62  8:15  Photon Cannon  
  62  8:20  Carrier  
  68  8:47  Pylon  
  56  8:57  Phoenix x2  
  56  8:58  Phoenix  
  58  9:16  Phoenix x2  
  58  9:17  Phoenix  
  58  9:24  Protoss Air Weapons Level 2  
  64  9:36  Nexus  
  58  10:13  Phoenix x2  
  58  10:14  Phoenix  
  58  10:21  Phoenix  
  64  10:35  Phoenix x2  
  64  10:36  Phoenix  
  70  10:45  Photon Cannon  
  70  10:48  Photon Cannon  
  70  10:50  Shield Battery  
  70  10:52  Assimilator, Probe  
  70  10:53  Probe x2  
  70  10:54  Assimilator  
  73  11:04  Probe  
  73  11:05  Probe x2  
  76  11:12  Pylon  
  76  11:15  Carrier  
  76  11:17  Probe x3  
  85  11:29  Probe x3  
  88  11:35  Carrier  
  88  11:41  Probe x3  
  91  11:49  Pylon  
  97  11:54  Pylon  
  97  12:01  Pylon  
  97  12:09  Tempest  
  97  12:14  Pylon  
  97  12:16  Photon Cannon  
  97  12:18  Shield Battery  
Show
View Real Time Build Order
Export as new Build Order

Fabricio Terran 

Build Orders:  

Get SALT Encoding   

  12  0:00  SCV  
  13  0:12  SCV  
  14  0:18  Supply Depot  
  14  0:24  SCV  
  15  0:29  Refinery  
  15  0:41  Barracks  
  15  0:45  SCV  
  16  0:57  SCV  
  17  1:14  SCV  
  18  1:20  Refinery  
  18  1:26  Barracks  
  18  1:38  SCV  
  19  1:43  Barracks  
  19  1:48  Marine  
  19  1:50  SCV  
  21  2:05  SCV  
  22  2:12  Barracks  
  22  2:29  Marine  
  23  2:38  Factory  
  23  2:42  Barracks Reactor  
  23  2:46  Supply Depot  
  23  2:52  Barracks Reactor  
  23  3:01  Orbital Command  
  23  3:05  Barracks Reactor  
  23  3:12  Supply Depot  
  23  3:19  Marine x2  
  25  3:21  Marine  
  25  3:24  Factory Tech Lab  
  26  3:44  SCV  
  26  3:47  Marine  
  26  3:48  Marine x2, Command Center  
  30  4:01  SCV  
  30  4:02  Marine  
  32  4:06  Starport  
  32  4:08  Marine  
  33  4:12  Marine  
  33  4:13  SCV  
  32  4:25  SCV  
  33  4:46  Engineering Bay  
  33  4:49  Starport Reactor  
  33  5:06  SCV  
  33  5:09  Siege Tank  
  37  5:18  Orbital Command, SCV  
  37  5:23  Terran Infantry Weapons Level 1  
  37  5:31  Missile Turret  
  37  5:36  Missile Turret  
  37  5:43  Marine x2  
  37  5:44  Marine  
  40  5:51  Medivac  
  40  5:54  Medivac  
  44  6:02  SCV  
  44  6:03  Engineering Bay  
  45  6:05  SCV  
  46  6:12  Marine  
  46  6:13  Supply Depot  
  47  6:21  Viking  
  49  6:27  Viking  
  49  6:29  SCV  
  53  6:32  SCV  
  53  6:39  Terran Infantry Armor Level 1  
  53  6:45  Marine x3  
  56  6:56  SCV x2  
  56  6:58  Armory  
  58  7:08  Armory, SCV x2  
  59  7:14  Refinery  
  60  7:18  Refinery  
  60  7:21  Missile Turret  
  60  7:25  SCV, Missile Turret  
  60  7:27  SCV  
  62  7:37  Viking  
  62  7:38  Viking  
  66  7:57  Barracks Tech Lab, Starport  
  66  8:05  Factory  
  66  8:24  Marine x2  
  66  8:25  Marine x4  
  72  8:27  Siege Tank  
  72  8:29  Viking  
  77  8:37  Viking  
  79  8:42  Marine x2, Supply Depot  
  79  8:45  Supply Depot  
  71  8:59  Siege Tank  
  59  9:02  Marine  
  59  9:03  Marine x3  
  59  9:07  Marine x2  
  59  9:09  Viking  
  78  9:10  Viking  
  65  9:20  Marine x3  
  68  9:26  Viking x2  
  68  9:27  Marine x3  
  76  9:31  SCV  
  76  9:32  SCV  
  68  10:18  Missile Turret  
  68  10:19  Missile Turret  
  68  10:22  Marine  
  68  10:23  Command Center, Marine  
  70  10:35  Viking  
  70  10:39  Factory Reactor  
  72  10:56  Refinery  
  72  11:02  Terran Vehicle Weapons Level 1  
  72  11:03  Terran Vehicle And Ship Armor Level 1  
  72  11:22  Viking x2  
  76  11:38  Orbital Command  
  76  11:47  Missile Turret  
  76  11:49  SCV  
  77  11:54  Viking x2  
  77  12:01  SCV  
  82  12:16  SCV x2  
  82  12:21  Widow Mine x2  
  88  12:43  Widow Mine x2  
Show
View Real Time Build Order
Export as new Build Order

Nitrate Protoss - Winner!

Build Orders: Oracle Opening, Carriers 

Get SALT Encoding   

  12  0:00  Probe  
  13  0:12  Probe  
  14  0:17  Pylon  
  14  0:25  Probe  
  15  0:36  Probe  
  15  0:39  Gateway  
  16  0:46  Assimilator  
  16  0:48  Probe  
  17  0:57  Pylon  
  17  1:08  Probe  
  18  1:25  Probe  
  19  1:33  Probe  
  19  1:34  Cybernetics Core  
  19  1:36  Assimilator  
  20  1:45  Probe  
  21  2:03  Probe  
  22  2:14  Nexus  
  22  2:17  Stargate  
  23  2:22  Probe  
  23  2:32  Probe  
  24  2:46  Probe  
  25  2:51  Pylon  
  25  3:00  Stargate  
  25  3:04  Probe  
  26  3:06  Oracle  
  29  3:16  Probe  
  30  3:23  Probe  
  30  3:25  Probe  
  30  3:26  Assimilator  
  30  3:30  Assimilator  
  30  3:31  Probe  
  30  3:33  Probe  
  34  3:41  Probe  
  34  3:43  Probe  
  40  3:53  Void Ray  
  40  3:57  Probe  
  40  3:58  Probe  
  43  4:10  Probe  
  43  4:26  Void Ray x2  
  48  4:45  Probe  
  48  4:46  Probe  
  50  4:58  Probe x2  
  52  5:03  Stargate  
  52  5:04  Pylon  
  52  5:11  Pylon  
  52  5:20  Void Ray  
  52  5:23  Pylon  
  52  5:24  Probe x2  
  52  5:28  Pylon, Void Ray  
  62  5:36  Probe  
  62  5:38  Fleet Beacon  
  63  6:17  Anion Pulse-Crystals  
  63  6:21  Void Ray  
  63  6:22  Void Ray  
  75  6:30  Probe x2, Void Ray  
  77  6:40  Nexus  
  77  6:42  Pylon, Probe x2  
  77  6:45  Assimilator  
  87  7:10  Carrier  
  87  7:11  Carrier, Flux Vanes  
  91  7:25  Probe x2  
  93  7:36  Pylon  
  93  7:37  Probe  
  93  7:38  Pylon  
  94  7:51  Probe  
  94  7:52  Carrier  
  94  7:57  Stargate  
  101  8:02  Cybernetics Core  
  101  8:06  Probe x3, Assimilator  
  101  8:10  Protoss Air Weapons Level 1  
  104  8:18  Probe x2, Carrier  
  112  8:26  Probe  
  113  8:30  Probe  
  113  8:31  Probe  
  115  8:38  Probe  
  116  8:41  Carrier  
  122  9:10  Pylon  
  122  9:13  Pylon  
  122  9:14  Probe x2  
  124  9:17  Pylon  
  124  9:18  Pylon  
  124  9:31  Carrier  
  138  9:34  Forge  
  138  9:37  Protoss Air Armor Level 1  
  138  9:38  Mothership  
  118  10:03  Carrier x2  
  118  10:04  Carrier  
  130  10:17  Protoss Shields Level 1  
  130  10:49  Nexus  
  130  10:53  Pylon  
  130  10:56  Pylon  
  130  11:01  Nexus  
  130  11:04  Pylon  
  130  11:07  Pylon  
  130  11:13  Probe x3, Assimilator  
  130  11:16  Assimilator  
  133  11:20  Carrier x4  
  133  11:25  Assimilator, Probe x2  
  158  11:27  Probe, Assimilator  
  158  11:28  Pylon  
  158  11:29  Pylon  
  158  11:30  Pylon  
  160  11:37  Probe  
Show
View Real Time Build Order
Export as new Build Order

Вагнер Zerg - Winner!

Build Orders: Pool First 

Get SALT Encoding   

  12  0:01  Drone  
  13  0:13  Drone  
  14  0:17  Overlord  
  14  0:59  Spawning Pool  
  14  1:01  Drone  
  14  1:05  Drone  
  14  1:06  Hatchery  
  14  1:09  Drone  
  15  1:14  Drone  
  15  1:18  Extractor  
  15  1:23  Drone  
  16  1:33  Drone  
  17  1:46  Queen  
  20  1:54  Drone  
  20  1:55  Roach Warren  
  19  2:05  Drone  
  19  2:07  Overlord  
  20  2:16  Zergling x2  
  20  2:21  Metabolic Boost  
  21  2:27  Drone  
  22  2:34  Queen  
  25  2:37  Drone  
  25  2:43  Roach  
  27  2:47  Zergling x2  
  28  2:52  Drone  
  28  2:53  Drone  
  30  3:00  Extractor  
  30  3:01  Drone  
  30  3:08  Spine Crawler  
  30  3:12  Drone  
  30  3:16  Roach  
  30  3:17  Roach  
  34  3:21  Overlord  
  34  3:25  Drone  
  35  3:28  Drone  
  36  3:41  Drone  
  37  3:43  Roach  
  37  3:45  Lair  
  39  3:49  Drone x2  
  39  3:52  Drone  
  39  3:54  Drone  
  43  4:09  Drone  
  44  4:10  Overlord  
  44  4:11  Overlord  
  44  4:22  Overlord  
  44  4:36  Evolution Chamber  
  43  4:41  Evolution Chamber  
  43  4:44  Drone x6  
  43  4:45  Drone x3  
  51  4:47  Overlord  
  43  5:18  Spire  
  42  5:25  Extractor  
  42  5:28  Drone x3, Extractor  
  43  5:33  Zerg Missile Weapons Level 1  
  43  5:42  Hydralisk Den  
  40  5:52  Spore Crawler  
  40  5:53  Spore Crawler x2  
  40  5:54  Spore Crawler x3  
  40  5:55  Spore Crawler x4  
  40  5:56  Spore Crawler  
  29  5:57  Spore Crawler  
  29  5:59  Spore Crawler x2  
  29  6:01  Drone x3  
  29  6:02  Drone x3  
  29  6:03  Drone x2  
  34  6:15  Hatchery  
  33  6:24  Spine Crawler, Drone x2  
  34  6:29  Mutalisk  
  36  6:38  Drone  
  37  7:21  Mutalisk x4  
  45  7:28  Grooved Spines  
  45  7:48  Drone x2  
  45  7:50  Mutalisk x4  
  55  7:58  Mutalisk  
  55  8:00  Drone  
  58  8:08  Drone x2, Queen  
  62  8:18  Hydralisk x2  
  66  8:21  Muscular Augments  
  66  8:26  Zerg Flyer Weapons Level 1  
  66  8:39  Zergling x4  
  66  8:40  Zergling x4  
  66  8:54  Mutalisk  
  66  9:00  Mutalisk x3  
  64  9:07  Overlord x2  
  63  9:23  Mutalisk x2  
  66  9:29  Hatchery  
  65  9:32  Mutalisk  
  65  9:35  Overlord  
  67  9:50  Mutalisk x2  
  71  10:03  Mutalisk, Overlord  
  71  10:05  Drone x3  
  71  10:06  Drone x2  
  78  10:32  Hydralisk x3  
  78  10:33  Hydralisk x3  
  84  10:40  Zerg Flyer Weapons Level 2  
  84  10:46  Drone, Queen  
  84  10:48  Queen  
  89  10:57  Drone  
  89  10:58  Mutalisk  
  92  11:08  Spore Crawler  
  91  11:18  Infestation Pit  
  90  11:22  Extractor  
  90  11:23  Extractor  
  89  11:25  Drone x2  
  89  11:26  Drone  
  89  11:27  Hydralisk x2  
  89  11:28  Hydralisk x2  
  89  11:30  Overlord x2  
  99  11:34  Mutalisk  
  101  11:54  Drone x2  
  103  11:55  Drone x3  
  106  12:02  Drone  
  106  12:03  Drone x3  
  106  12:04  Drone x3  
  113  12:10  Mutalisk x3  
  113  12:15  Hydralisk  
  115  12:46  Overlord  
Tags
 
Add a new tag
Caveats
  • Supply blocks, unpowered buildings, or Contaminate may cause inaccurate times.
  • Supply counts are checked every 10 seconds.